 Dungeon Crawl Stone Soup version 0.24.0-1-gfbc8707122 (webtiles) character file.

Game seed: 6648716191701227294, levelgen mode: deterministic

3213 Mrkan the Basher (level 9, -14/81 HPs)
             Began as a Minotaur Fighter on Oct 28, 2019.
             Was an Elder of the Shining One.
             Demolished by a skeletal warrior
             ... wielding a +0 glaive
              (19 damage)
             ... on level 8 of the Dungeon.
             The game lasted 00:11:25 (6128 turns).

Mrkan the Basher (Minotaur Fighter)                 Turns: 6128, Time: 00:11:25

Health: -14/81     AC: 16    Str: 21    XL:     9   Next: 65%
Magic:  8/8        EV:  5    Int:  5    God:    the Shining One [****..]
Gold:   387        SH: 11    Dex: 13    Spells: 8/8 levels left

rFire    . . .     SeeInvis .   u - +0 morningstar
rCold    . . .     Gourm    .   c - +0 shield
rNeg     + + .     Faith    .   x - +0 plate armour
rPois    .         Spirit   .   (helmet restricted)
rElec    .         Reflect  .   (no cloak)
rCorr    .         Harm     .   t - +1 pair of gloves
MR       .....                  (no boots)
Stlth    ..........             (no amulet)
HPRegen  0.23/turn              (no ring)
MPRegen  0.11/turn              (no ring)

@: glowing
A: retaliatory headbutt, horns 2
a: Divine Shield, Cleansing Flame, Renounce Religion


You were on level 8 of the Dungeon.
You worshipped the Shining One.
The Shining One was greatly pleased with you.
You were not hungry.

You visited 1 branch of the dungeon, and saw 10 of its levels.

You collected 387 gold pieces.

Inventory:

Hand Weapons
 l - a +2 falchion of slicing
 u - a +0 morningstar (weapon)
Missiles
 e - 123 stones (quivered)
 n - 2 curare-tipped darts
 s - 3 silver boomerangs
 D - 2 atropa-tipped darts
Armour
 c - a +0 shield (worn)
 t - a +1 pair of gloves (worn)
 x - a +0 plate armour (worn)
Jewellery
 a - a +4 ring of intelligence {unknown}
Wands
 B - a wand of flame (38)
Scrolls
 g - a scroll of enchant armour {unknown}
 h - 8 scrolls of identify
 i - 4 scrolls of remove curse {unknown}
 m - 4 scrolls of immolation {unknown}
 p - 2 scrolls of random uselessness {unknown}
 v - a scroll of magic mapping {unknown}
 w - a scroll of fear {unknown}
 y - a scroll of teleportation {unknown}
 E - a scroll of amnesia {unknown}
 F - a scroll of fog {unknown}
Potions
 b - 6 potions of lignification {unknown}
 d - 3 potions of might
 j - a potion of agility {unknown}
 k - a potion of ambrosia {unknown}
 o - a potion of cancellation {unknown}
 q - 2 potions of curing {unknown}
 r - a potion of heal wounds
 z - a potion of brilliance {unknown}
 A - a potion of berserk rage {unknown}
 C - a potion of haste {unknown}
Comestibles
 f - 21 rations
 G - 10 chunks of flesh


   Skills:
 + Level 8.2 Fighting
   Level 5.0(7.7) Axes
 * Level 9.2(9.8) Maces & Flails
 - Level 8.1 Armour
 + Level 8.1 Shields
 + Level 0.4 Invocations


You had 8 spell levels left.
You didn't know any spells.
Your spell library contained the following spells:

 Spells                   Type           Power        Failure   Level  Hunger
 Animate Skeleton         Necr           N/A          100%        1    ##.....
 Apportation              Tloc           #.....       100%        1    ##.....
 Confusing Touch          Hex            #.....       100%        1    ##.....
 Summon Small Mammal      Summ           #...         100%        1    ##.....


Dungeon Overview and Level Annotations

Branches:
Dungeon (10/15)            Temple (0/1) D:4
   Lair: D:8-11         Orc: D:9-12

Altars:
Hepliaklqana
Kikubaaqudgha
Qazlal
Sif Muna
Trog
The Shining One

Shops:
D:4 (


Innate Abilities, Weirdness & Mutations

You reflexively headbutt those who attack you in melee.
You have a pair of horns on your head.


Message History

The skeletal warrior is moderately damaged.
The skeletal warrior hits you but does no damage.
You hit the skeletal warrior but do no damage.
The skeletal warrior is moderately damaged.
The skeletal warrior hits you but does no damage.
You hit the skeletal warrior but do no damage.
The skeletal warrior is moderately damaged.
The skeletal warrior hits you with a +0 glaive!!
* * * LOW HITPOINT WARNING * * *
You hit the skeletal warrior.
The skeletal warrior is moderately damaged.
The skeletal warrior hits you with a +0 glaive!
* * * LOW HITPOINT WARNING * * *
You sock the skeletal warrior!
The skeletal warrior is heavily damaged.
You feel much better.
The skeletal warrior hits you with a +0 glaive!!
* * * LOW HITPOINT WARNING * * *
The skeletal warrior hits you from afar with a +0 glaive!!
You die...

##################
#.................
#@##########......
#.# #.##### #z#
#.# #z# #.# #z#
#.##### #.# #
#...... #.#
#.#.##### #.....#
#.#.# # #.#####
#...#####


You could see 3 skeletal warriors.

Vanquished Creatures
  Sigmund (D:6)
  Duvessa (D:5)
  2 water moccasins
  A sky beast (D:7)
  2 phantoms
  4 ogres
  3 wolves (D:8)
  A centaur (D:6)
  3 bullfrogs
  Dowan (D:5)
  8 wights
  3 howler monkeys (D:8)
  A vampire bat (D:5)
  4 crimson imps
  2 jellies (D:7)
  3 orc priests
  2 bullfrog skeletons
  2 centaur skeletons
  4 hounds
  An iguana (D:7)
  Terence (D:2)
  6 orc wizards
  A worker ant (D:5)
  A hound zombie (D:7)
  2 hound skeletons
  A howler monkey skeleton (D:4)
  5 adders
  5 gnolls
  4 shadow imps
  An adder skeleton (D:5)
  A worm (D:3)
  2 dart slugs
  6 leopard geckos
  30 orcs
  4 ball pythons
  4 bat skeletons (D:5)
  2 bat zombies (D:5)
  7 giant cockroaches
  4 goblins
  5 hobgoblins
  4 jackals
  3 quokkas
  6 bats
  7 frilled lizards
  A jackal skeleton (D:8)
  4 kobolds (D:1)
  2 leopard gecko skeletons
  6 rats
174 creatures vanquished.

Notes
Turn   | Place    | Note
-------+----------+-------------------------------------------
     0 | D:1      | Mrkan the Minotaur Fighter began the quest for the Orb.
     0 | D:1      | Reached XP level 1. HP: 19/19 MP: 0/0
   109 | D:1      | Reached XP level 2. HP: 20/27 MP: 1/1
   642 | D:1      | Reached XP level 3. HP: 33/33 MP: 2/2
  1048 | D:2      | Found a glowing golden altar of the Shining One.
  1063 | D:2      | Became a worshipper of the Shining One
  1144 | D:2      | Reached XP level 4. HP: 40/40 MP: 3/3
  1199 | D:2      | Noticed Terence
  1207 | D:2      | Killed Terence
  1359 | D:2      | Found a shimmering blue altar of Sif Muna.
  1663 | D:3      | Reached XP level 5. HP: 46/47 MP: 4/4
  1773 | D:3      | Found a faded altar of an unknown god.
  2223 | D:4      | Reached skill level 5 in Axes
  2332 | D:4      | Noticed an ogre
  2338 | D:4      | Killed an ogre
  2338 | D:4      | Reached skill level 1 in Maces & Flails
  2338 | D:4      | Reached skill level 5 in Shields
  2338 | D:4      | Reached XP level 6. HP: 23/55 MP: 5/5
  2526 | D:4      | Reached skill level 5 in Fighting
  2526 | D:4      | Reached skill level 2 in Maces & Flails
  2526 | D:4      | Reached skill level 5 in Armour
  2587 | D:4      | Reached * piety under the Shining One
  2665 | D:4      | Reached skill level 3 in Maces & Flails
  2750 | D:4      | Found Reusur's Antique Weapon Emporium.
  2789 | D:4      | Reached XP level 7. HP: 60/61 MP: 6/6
  2816 | D:4      | Found a staircase to the Ecumenical Temple.
  3137 | D:5      | Entered Level 5 of the Dungeon
  3276 | D:5      | Reached skill level 4 in Maces & Flails
  3559 | D:5      | Noticed Duvessa
  3559 | D:5      | Noticed Dowan
  3568 | D:5      | Killed Duvessa
  3578 | D:5      | Killed Dowan
  3808 | D:5      | Reached skill level 5 in Maces & Flails
  3887 | D:5      | Reached XP level 8. HP: 66/70 MP: 7/7
  3917 | D:5      | Reached ** piety under the Shining One
  3927 | D:5      | Found an ancient bone altar of Kikubaaqudgha.
  4291 | D:6      | Reached skill level 6 in Maces & Flails
  4398 | D:6      | Noticed Sigmund
  4409 | D:6      | Killed Sigmund
  4442 | D:6      | Reached *** piety under the Shining One
  4445 | D:6      | Reached skill level 7 in Maces & Flails
  4810 | D:7      | Reached XP level 9. HP: 74/79 MP: 8/8
  4987 | D:7      | You fall into a shaft and drop 3 floors!
  4987 | D:10     | Entered Level 10 of the Dungeon
  5111 | D:8      | Found a bloodstained altar of Trog.
  5120 | D:8      | Reached skill level 8 in Maces & Flails
  5121 | D:8      | Found a hazy altar of Hepliaklqana.
  5172 | D:8      | Noticed a skeletal warrior
  5172 | D:8      | Noticed a skeletal warrior
  5174 | D:8      | Noticed a skeletal warrior
  5425 | D:7      | Found a stormy altar of Qazlal.
  5435 | D:7      | Reached **** piety under the Shining One
  5986 | D:8      | Reached skill level 9 in Maces & Flails
  6125 | D:8      | HP: 4/81 [skeletal warrior/+0 glaive (9)]
  6128 | D:8      | Demolished by a skeletal warrior

Levels and vault maps discovered:
D:1:      dpeg_arrival_connections, layout_basic
D:2:      layout_rooms, nicolae_tso_swordbearing_angel, old_standard_altar,
          uniq_terence
D:3:      layout_loops_corners, chequers_ecumenical_altar_simple_redux,
          guppyfry_early_lair_pool
D:4:      layout_loops_ring, minmay_temple_entry_gardened_gates, first_ration,
          serial_shops, shop, minmay_misc_feat_tiny
D:5:      layout_basic, kennysheep_vampire_church, corexii_hall_statues_u,
          kennysheep_generic_room_12, uniq_duvessa
D:6:      layout_basic, uniq_sigmund
D:7:      layout_gridville, old_standard_altar
D:8:      layout_loops_ring, minitemple, erik_lair_island, david_nohive_1
D:9:      layout_loops_ring
D:10:     layout_roguey, hangedman_corner_corridor

Skill      XL: |  1  2  3  4  5  6  7  8  9 |
---------------+----------------------------+-----
Axes           | 3 4 5 |  5.0
Fighting       | 4 5 6 7 8 |  8.2
Armour         | 4 5 6 7 8 |  8.1
Shields        | 4 5 6 7 8 |  8.1
Maces & Flails | 1 3 5 7 9 |  9.2
Invocations    | |  0.4

Action                   |  1- 3 |  4- 6 |  7- 9 || total
-------------------------+-------+-------+-------++-------
Melee: War axe           |    73 |    73 |       ||   146
       Headbutt          |    13 |    12 |    58 ||    83
       Morningstar       |       |    32 |   285 ||   317
Throw: Stone             |       |     1 |       ||     1
  Use: Scroll            |     1 |       |       ||     1
       Potion            |       |       |     2 ||     2
  Eat: Chunk             |     1 |     5 |     9 ||    15
       Ration            |       |       |     1 ||     1
Armor: Scale mail        |    19 |       |       ||    19
       Chain mail        |    23 |    45 |       ||    68
       Plate armour      |       |     4 |   182 ||   186
Dodge: Dodged            |    27 |    21 |    64 ||   112
Block: Shield            |    45 |    40 |   154 ||   239
